 Dungeon Crawl Stone Soup version 0.22.1-1-ga44c0e56f4 (webtiles) character file.

2266 Peloso the Blocker (level 9, -7/78 HPs)
             Began as a Minotaur Fighter on Oct 27, 2018.
             Was a Follower of Okawaru.
             Mangled by a two-headed ogre
             ... wielding a +0 giant club
              (22 damage)
             ... on level 8 of the Dungeon.
             The game lasted 00:13:29 (7693 turns).

Peloso the Blocker (Minotaur Fighter)               Turns: 7693, Time: 00:13:30

Health: -7/78      AC: 13    Str: 22    XL:     9   Next: 16%
Magic:  8/8        EV:  8    Int:  5    God:    Okawaru [*.....]
Gold:   338        SH: 12    Dex: 12    Spells: 8/8 levels left

rFire    . . .     SeeInvis +   s - -1 hand axe (curse)
rCold    . . .     Gourm    .   c - +1 shield
rNeg     . . .     Faith    .   A - +0 chain mail
rPois    .         Spirit   .   (helmet restricted)
rElec    .         Reflect  .   n - +0 cloak
rCorr    .         Harm     .   x - +0 pair of gloves
MR       +....                  (no boots)
Stlth    ..........             (no amulet)
HPRegen  0.23/turn              q - ring of see invisible
MPRegen  0.11/turn              y - ring of protection from magic

@: no status effects
A: retaliatory headbutt, horns 2
a: Heroism, Renounce Religion


You were on level 8 of the Dungeon.
You worshipped Okawaru.
Okawaru was aware of your devotion.
You were not hungry.

You visited 2 branches of the dungeon, and saw 9 of its levels.

You collected 338 gold pieces.

Inventory:

Hand Weapons
 a - a +4 falchion
 b - a +4 scimitar
 s - a cursed -1 hand axe (weapon)
Armour
 c - a +1 shield (worn)
 n - a +0 cloak (worn)
 x - a +0 pair of gloves (worn)
 A - a +0 chain mail (worn)
Jewellery
 l - an uncursed amulet of rage
 p - an uncursed ring of magical power
 q - a ring of see invisible (left hand)
 y - a ring of protection from magic (right hand)
 F - an uncursed ring of magical power
Wands
 o - a wand of iceblast (32)
 r - a wand of paralysis (8)
 z - a wand of flame (11)
Scrolls
 h - 8 scrolls of teleportation
 t - 3 scrolls of amnesia
 B - a scroll of identify
 C - a scroll of blinking
 D - a scroll of fog
Potions
 d - 2 potions of might
 e - 2 potions of magic
 g - 3 potions of heal wounds
 i - 2 potions of berserk rage
 j - 2 potions of cancellation
 k - 4 potions of curing
 m - a potion of ambrosia
 u - a potion of haste
 v - 2 potions of invisibility
 w - a potion of mutation
Comestibles
 f - 8 rations
 E - 6 chunks of flesh


   Skills:
 + Level 6.6 Fighting
 + Level 5.0 Long Blades
 + Level 6.7 Axes
 + Level 8.0 Armour
 + Level 2.5 Dodging
 + Level 0.8 Stealth
 + Level 8.0 Shields
 + Level 0.2 Evocations


You had 8 spell levels left.
You didn't know any spells.
Your spell library contained the following spells:

 Spells                   Type           Power        Failure   Level  Hunger
 Corpse Rot               Necr           N/A          100%        2    ###....
 Stone Arrow              Conj/Erth      #.....       100%        3    ####...
 Leda's Liquefaction      Hex/Erth       #.........   100%        4    #####..
 Summon Forest            Summ/Tloc      #.........   100%        5    ######.
 Hydra Form               Tmut           #.........   100%        6    #######
 Summon Hydra             Summ           #.........   100%        7    #######


Dungeon Overview and Level Annotations

Branches:
Dungeon (8/15)             Temple (1/1) D:5
   Lair: D:8-11

Altars:
Ashenzari
Cheibriados
Dithmenos
Elyvilon
Fedhas
Gozag
Hepliaklqana
Kikubaaqudgha
Makhleb
Nemelex Xobeh
Okawaru
Qazlal
Ru
Sif Muna
Trog
Uskayaw
Vehumet
Wu Jian
Xom
Yredelemnul
Zin
The Shining One


Innate Abilities, Weirdness & Mutations

You reflexively headbutt those who attack you in melee.
You have a pair of horns on your head.


Message History

Your headbutt misses the two-headed ogre.
The two-headed ogre is almost dead.
Your shield and chain mail prevent you from hitting the scorpion.
The scorpion stings you.
The two-headed ogre hits you with a giant club!
* * * LOW HITPOINT WARNING * * *
The two-headed ogre hits you with a giant club.
* * * LOW HITPOINT WARNING * * *
The orc wizard gestures wildly while chanting.
The orc wizard flickers and vanishes for a moment.
The worker ant waves its antennae.
The scorpion stings you but does no damage.
An orc priest comes into view.
The orc wizard casts a spell.
The orc wizard blinks!
The orc priest casts a cantrip, but nothing happens.
There is a stone staircase leading up, spattered with blood here.
You block the two-headed ogre's attack.
The two-headed ogre hits you with a giant club!!
You die...

..# ..# ..# o ..## .. #####
...#...
#######...################o......
#...............@Oo..ao.)......Z.
##...######......s.ol.oo.........
##..# ################.....zO
##.## #...#.. ##.## ...#
##)#########. ..# ##..#.......
...# #.)....# .... ####....##
....


You could see a two-headed ogre, a scorpion, a worker ant, 2 orc priests, an orc
wizard, 2 orcs and a leopard gecko.

Vanquished Creatures
  An ice beast (D:6)
  A black bear (D:7)
  2 ogres (D:5)
  2 phantoms
  2 big kobolds (D:7)
  Blork the orc (D:5)
  A bullfrog (D:6)
  2 scorpions
  5 wights (D:7)
  A killer bee (D:7)
  A jelly (D:5)
  2 howler monkeys
  2 crimson imps (D:5)
  3 bullfrog zombies
  A centaur zombie (D:8)
  5 hounds
  4 orc wizards
  3 iguanas
  4 worker ants
  A killer bee zombie (D:8)
  A hound zombie (D:5)
  8 gnolls
  11 adders
  A howler monkey skeleton (D:7)
  2 oozes
  6 worms
  A dart slug (D:3)
  2 leopard geckos
  10 orcs
  2 ball pythons
  4 giant cockroaches
  12 goblins
  6 hobgoblins
  19 jackals
  15 kobolds
  5 quokkas
  7 bats
  9 frilled lizards
  A leopard gecko skeleton (D:3)
  A leopard gecko zombie (D:5)
  2 quokka skeletons
  A quokka zombie (D:5)
  5 rats
175 creatures vanquished.

Notes
Turn   | Place    | Note
-------+----------+-------------------------------------------
     0 | D:1      | Peloso the Minotaur Fighter began the quest for the Orb.
     0 | D:1      | Reached XP level 1. HP: 19/19 MP: 0/0
    35 | D:1      | Reached XP level 2. HP: 27/27 MP: 1/1
   295 | D:1      | Reached XP level 3. HP: 30/33 MP: 2/2
   651 | D:2      | Noticed a scorpion
   662 | D:2      | Killed a scorpion
   662 | D:2      | Reached XP level 4. HP: 11/41 MP: 3/3
  1176 | D:2      | Found a shattered altar of Ashenzari.
  1776 | D:3      | Reached XP level 5. HP: 47/47 MP: 4/4
  1921 | D:3      | Found a faded altar of an unknown god.
  1958 | D:3      | Found an opulent altar of Gozag.
  2748 | D:4      | Reached skill level 5 in Shields
  2835 | D:4      | Noticed a phantom
  2863 | D:4      | Killed a phantom
  2863 | D:4      | Reached skill level 5 in Long Blades
  2863 | D:4      | Reached skill level 1 in Axes
  2863 | D:4      | Reached skill level 5 in Armour
  2863 | D:4      | Reached XP level 6. HP: 46/53 MP: 5/5
  2927 | D:4      | Reached skill level 5 in Fighting
  3352 | D:5      | Entered Level 5 of the Dungeon
  3490 | D:5      | Reached XP level 7. HP: 47/61 MP: 6/6
  3649 | D:5      | Reached skill level 1 in Dodging
  3863 | D:5      | Noticed Blork the orc
  3877 | D:5      | Killed Blork the orc
  4493 | D:5      | Found a staircase to the Ecumenical Temple.
  4498 | Temple   | Entered the Ecumenical Temple
  4596 | Temple   | Became a worshipper of Warmaster Okawaru
  4875 | D:5      | Reached XP level 8. HP: 68/69 MP: 7/7
  5653 | D:6      | Reached skill level 5 in Axes
  6199 | D:6      | Reached * piety under Okawaru
  7159 | D:7      | Reached XP level 9. HP: 41/78 MP: 8/8
  7521 | D:8      | Noticed a two-headed ogre
  7693 | D:8      | Mangled by a two-headed ogre

Skill      XL: |  1  2  3  4  5  6  7  8  9 |
---------------+----------------------------+-----
Fighting       | 4 5 6 |  6.6
Shields        | 4 5 6 7 8 |  8.0
Armour         | 4 5 6 7 8 |  8.0
Long Blades    | 3 4 5 |  5.0
Axes           | 1 2 4 6 |  6.7
Dodging        | 1 2 |  2.5
Stealth        | |  0.8
Evocations     | |  0.2

Action                   |  1- 3 |  4- 6 |  7- 9 || total
-------------------------+-------+-------+-------++-------
Melee: Long sword        |    75 |    60 |       ||   135
       Headbutt          |    11 |    36 |    91 ||   138
       Hand axe          |       |   129 |   492 ||   621
Evoke: Wand              |       |     2 |     4 ||     6
  Use: Scroll            |       |    14 |     7 ||    21
  Eat: Chunk             |       |     8 |    15 ||    23
Armor: Scale mail        |    38 |       |       ||    38
       Chain mail        |    12 |    80 |   213 ||   305
Dodge: Dodged            |    29 |    51 |   116 ||   196
Block: Shield            |    43 |    86 |   281 ||   410
       Rpst.: Long sword |     9 |     5 |       ||    14
